 Dungeon Crawl Stone Soup version 0.20.1-1-g8b1a95d (webtiles) character file.

131 taka the Sneak (level 5, -2/41 HPs)
             Began as a Human Wanderer on Aug 20, 2017.
             Slain by a quokka (3 damage)
             ... on level 3 of the Dungeon.
             The game lasted 00:11:56 (2787 turns).

taka the Sneak (Human Wanderer)                     Turns: 2787, Time: 00:11:57

Health: -2/41      AC:  5    Str: 12    XL:     5   Next: 37%
Magic:  6/6        EV: 11    Int: 14    God:
Gold:   189        SH:  0    Dex: 12    Spells: 6/6 levels left

rFire    . . .     SeeInvis .   h - +1 dagger (venom)
rCold    . . .     Gourm    .   (no shield)
rNeg     . . .     Faith    .   e - +0 robe
rPois    .         Spirit   .   j - +1 helmet
rElec    .         Reflect  .   (no cloak)
rCorr    .         Harm     .   (no gloves)
MR       .....                  p - +0 pair of boots
Stlth    ++........             (no amulet)
Regen    0.2/turn               (no ring)
MPRegen  0.1/turn               (no ring)

@: no status effects
A: no striking features
a: no special abilities


You were on level 3 of the Dungeon.
You were not hungry.

You visited 1 branch of the dungeon, and saw 3 of its levels.

You collected 189 gold pieces.

Inventory:

Hand Weapons
 b - a +2 blowgun
 f - a +0 dagger
 h - a +1 dagger of venom (weapon)
Missiles
 a - 4 curare-tipped needles
 k - 18 poisoned needles
Armour
 e - a +0 robe (worn)
 j - a +1 helmet (worn)
 p - a +0 pair of boots (worn)
Scrolls
 m - a scroll of magic mapping
 q - a scroll of remove curse
 s - a scroll of identify
Potions
 d - a potion of curing
 n - a potion of heal wounds
 t - a potion of resistance
 w - a potion of berserk rage
Books
 c - the Handbook of the Snowflakes

   Spells                             Type                      Level
   a - Freeze                         Ice                          1
   b - Ozocubu's Armour               Charms/Ice                   3
Comestibles
 g - 2 bread rations
 l - a royal jelly


   Skills:
 + Level 3.6 Fighting
 + Level 1.9 Short Blades
 + Level 1.6 Throwing
 + Level 1.0 Dodging
 + Level 4.1 Stealth
 * Level 1.2 Spellcasting
   Level 2.0 Charms
   Level 1.0 Air Magic


You had 6 spell levels left.
You didn't know any spells.

Dungeon Overview and Level Annotations

Branches:
Dungeon (3/15)

Altars:
Ashenzari
Fedhas
Gozag

Annotations:
D:3 appiemonkey's ghost, amateur GrFi


Message History

The ball python hisses angrily.
The orc shouts!
The orc moves out of view.
Appiemonkey's ghost misses you. The orc hits you but does no damage.
The orc closely misses you. The orc barely misses you.
The orc wizard shouts!
Appiemonkey's ghost wails.
A quokka comes into view.
Appiemonkey's ghost says, "You can hit me, but you can't hurt me."
Something unseen opens the gate.
The quokka bites you.
* * * LOW HITPOINT WARNING * * *
The quokka bites you.
* * * LOW HITPOINT WARNING * * *
Appiemonkey's ghost says, "You can hit me, but you can't hurt me."
The orc wizard gestures wildly while chanting.
The orc wizard flickers and vanishes!
Deactivating autopickup; reactivate with Ctrl-A.
The quokka bites you.
You die...

#... ###+++### #..#
#......@## #..#
..♣...♣rW## #..# #
♣.♣.♣.♣o.## #..######
..♣...♣..## #... ...#
♣.♣.♣.♣.♣S.#####.####.#
..♣.⌠.♣...♣..##..?......
.♣.♣.♣.♣.♣.♣S.#.######.#
...♣...♣...♣.# #.#
.♣.♣.♣.♣.♣..'. #.#


You could see appiemonkey's ghost, an adder, an orc, a quokka and a ball python.

Vanquished Creatures
  2 orc wizards (D:3)
  2 adders (D:3)
  A worm (D:2)
  A dart slug (D:1)
  3 orcs (D:3)
  A ball python (D:2)
  5 bats
  2 giant cockroaches
  9 goblins
  8 hobgoblins
  4 kobolds
  2 quokkas (D:2)
  5 frilled lizards
  5 rats
50 creatures vanquished.

Notes
Turn   | Place    | Note
-------+----------+-------------------------------------------
     0 | D:1      | taka the Human Wanderer began the quest for the Orb.
     0 | D:1      | taka set off with: 4 curare-tipped needles, a +2 blowgun, the Handbook of the Snowflakes, a potion of curing, a +0 robe, a +0 dagger, a bread ration
     0 | D:1      | Reached XP level 1. HP: 18/18 MP: 1/1
     4 | D:1      | Identified the Handbook of the Snowflakes
   291 | D:1      | Reached XP level 2. HP: 21/24 MP: 2/2
   745 | D:1      | Reached XP level 3. HP: 26/29 MP: 3/3
  1598 | D:2      | Found a shattered altar of Ashenzari.
  1921 | D:2      | Found an opulent altar of Gozag.
  1941 | D:2      | Found a blossoming altar of Fedhas.
  2326 | D:3      | Reached skill level 1 in Short Blades
  2326 | D:3      | Reached XP level 4. HP: 35/35 MP: 5/5
  2338 | D:3      | Reached skill level 1 in Spellcasting
  2358 | D:3      | Reached skill level 4 in Stealth
  2364 | D:3      | Reached skill level 1 in Dodging
  2364 | D:3      | Reached XP level 5. HP: 35/41 MP: 6/6
  2484 | D:3      | Noticed appiemonkey's ghost (amateur GrFi)
  2786 | D:3      | HP: 1/41 [quokka (5)]
  2787 | D:3      | Slain by a quokka

Skill      XL: |  1  2  3  4 |
---------------+-------------+-----
Short Blades   | 1 |  1.9
Spellcasting   | 1 |  1.2
Stealth        | 4 |  4.1
Dodging        | 1 |  1.0
Fighting       | |  3.6
Throwing       | |  1.6
Charms         | |  2.0
Air Magic      | |  1.0

Action                   |  1- 3 |  4- 6 || total
-------------------------+-------+-------++-------
Melee: Dagger            |   175 |    57 ||   232
 Fire: Blowgun           |    12 |       ||    12
  Use: Potion            |     7 |     1 ||     8
       Scroll            |     4 |     1 ||     5
 Stab: Sleeping          |     6 |       ||     6
       Distracted        |     1 |       ||     1
  Eat: Chunk             |     5 |     1 ||     6
Armor: Robe              |    50 |    24 ||    74
Dodge: Dodged            |    73 |    22 ||    95
